 Dungeon Crawl Stone Soup version 0.22-a0-448-g1fb7470005 (webtiles) character file.

119 Oravi the Changer (level 5, -1/37 HPs)
             Began as a Merfolk Transmuter on June 4, 2018.
             Slain by Sigmund
             ... wielding a +0 scythe
              (7 damage)
             ... on level 2 of the Dungeon.
             The game lasted 00:05:24 (2238 turns).

Oravi the Changer (Merfolk Transmuter)              Turns: 2238, Time: 00:05:25

Health: -1/37      AC:  2    Str: 10    XL:     5   Next: 3%
Magic:  0/8        EV: 21    Int: 14    God:
Gold:   97         SH:  0    Dex: 19    Spells: 2/8 levels left

rFire    . . .     SeeInvis .     - Unarmed
rCold    . . .     Gourm    .   (shield currently unavailable)
rNeg     . . .     Faith    .   (armour currently unavailable)
rPois    x         Spirit   .   (helmet currently unavailable)
rElec    .         Reflect  .   (cloak currently unavailable)
rCorr    .         Harm     .   (gloves currently unavailable)
MR       .....                  (boots currently unavailable)
Stlth    ++........             (no amulet)
HPRegen  0.12/turn              (no ring)
MPRegen  0.11/turn              (no ring)

@: spider-form
A: tiny, (change form in water), (swift swim), (stealthy swim)
a: End Transformation


You were on level 2 of the Dungeon.
You were not hungry.
You were a venomous arachnid creature.
You visited 1 branch of the dungeon, and saw 2 of its levels.

You collected 97 gold pieces.

Inventory:

Missiles
 a - 30 arrows
Armour
 b - a +0 robe (melded)
Scrolls
 c - 2 scrolls of identify {unknown}
 g - a scroll of remove curse {unknown}
 h - a scroll of fear {unknown}
 i - a scroll of amnesia {unknown}
 l - a scroll of fog {unknown}
Potions
 e - a potion of heal wounds {unknown}
 j - a potion of curing {unknown}
 k - a potion of agility {unknown}
Comestibles
 d - 4 rations
 f - 3 chunks of flesh


   Skills:
 - Level 1.1 Fighting
 - Level 2.6 Dodging
 - Level 3.2 Unarmed Combat
 - Level 2.0 Spellcasting
 + Level 5.7 Transmutations
 + Level 2.5 Poison Magic


You had 2 spell levels left.
You knew the following spells:

 Your Spells              Type           Power        Failure   Level  Hunger
a - Spider Form           Tmut/Pois      ##........   30%         3    ####...
b - Sticks to Snakes      Tmut           ###.....     11%         2    ###....
c - Beastly Appendage     Tmut           ###...       9%          1    ##.....

Your spell library contained the following spells:

 Spells                   Type           Power        Failure   Level  Hunger
 Blade Hands              Tmut           ###.......   73%         5    ######.
 Ice Form                 Ice/Tmut       #.......     78%         4    #####..


Dungeon Overview and Level Annotations

Branches:
Dungeon (2/15)

Altars:

Annotations:
D:2 1 runed door, Sigmund


Message History

Your adder misses something.
A magic dart appears from out of thin air!
The magic dart hits your adder.
Casting: Sticks to Snakes (safe; 3% risk of failure)
Confirm with . or Enter, or press ? or * to list all spells.
You turn into a venomous arachnid creature.
Your +0 robe melds into your body.
Your adder barely misses something.
Something barely misses you.
No target in view!
No target in view!
Your adder closely misses you.
Your adder bites something.
Something hits you!
You swap places.
You barely miss something. Something hits you!
You miss something. You closely miss something. Something hits you!
* * * LOW HITPOINT WARNING * * *
You barely miss something.
Your adder seems less confused.
Something hits you!
You die...

#PP..# #.#.# #.#
##...# #(#.# #.#
##.## #. #.#.# #.#
##.# #. #.#.# #.#
#.## #.# #.#.# #.#
##.# .( #.#.# #.#
#.## #.##S..# #.#
#+# ..#.#########
#.#
#.#s#.......#####.#
#.#{#.####........#
#...#.# #..#######
##..#.####..########
#..#...............
#..################
#.>. ##.## #.#


You could see a friendly adder (wandering).

Vanquished Creatures
  Terence (D:2)
  Robin (D:2)
  An adder (D:2)
  An ooze (D:2)
  A dart slug (D:2)
  3 leopard geckos
  6 giant cockroaches
  15 goblins
  8 hobgoblins
  5 kobolds
  A ball python (D:2)
  10 bats
  4 frilled lizards
  6 rats
63 creatures vanquished.

Notes
Turn   | Place    | Note
-------+----------+-------------------------------------------
     0 | D:1      | Oravi the Merfolk Transmuter began the quest for the Orb.
     0 | D:1      | Reached XP level 1. HP: 15/15 MP: 3/3
    78 | D:1      | Reached skill level 3 in Transmutations
   358 | D:1      | Reached XP level 2. HP: 21/21 MP: 5/5
   460 | D:1      | Reached skill level 4 in Transmutations
   745 | D:1      | Reached XP level 3. HP: 24/26 MP: 6/6
   756 | D:1      | Learned a level 2 spell: Sticks to Snakes
   760 | D:1      | Learned a level 3 spell: Spider Form
  1352 | D:2      | Found a runed door.
  1376 | D:2      | Noticed Robin
  1376 | D:2      | Noticed Terence
  1379 | D:2      | Reached skill level 1 in Poison Magic
  1555 | D:2      | Reached skill level 5 in Transmutations
  1600 | D:2      | Killed Robin
  1600 | D:2      | Reached XP level 4. HP: 21/32 MP: 2/7
  1897 | D:2      | Killed Terence
  2209 | D:2      | Reached XP level 5. HP: 37/37 MP: 4/8
  2212 | D:2      | Noticed Sigmund
  2238 | D:2      | Slain by Sigmund

Vault maps used:
D:1:      minmay_arrival_widening_spiral_wide
D:2:      uniq_crazy_yiuf_cottage, uniq_sigmund, uniq_terence, uniq_robin

Skill      XL: |  1  2  3  4 |
---------------+-------------+-----
Transmutations | 3 4 5 |  5.7
Poison Magic   | 1 2 |  2.5
Fighting       | |  1.1
Dodging        | |  2.6
Unarmed Combat | |  3.2
Spellcasting   | |  2.0

Action                   |  1- 3 |  4- 6 || total
-------------------------+-------+-------++-------
Melee: Unarmed           |   121 |    41 ||   162
       Headbutt          |     8 |       ||     8
 Cast: Beastly Appendage |    12 |       ||    12
       Spider Form       |     8 |     5 ||    13
       Sticks to Snakes  |       |     2 ||     2
 Stab: Sleeping          |     3 |       ||     3
  Eat: Chunk             |     4 |     3 ||     7
Armor: Robe              |    14 |     3 ||    17
       Skin              |     4 |     3 ||     7
Dodge: Dodged            |   114 |    33 ||   147

Table legend:
 A = Spawn XP
 B = Non-spawn XP
 C = Spawn XP percentage of total XP
 D = Spawn monster count
 E = Non-spawn monster count
 F = Spawn count percentage of total count
 G = Total turns spent on level
                    A         B        C        D         E        F      G
               +---------+---------+-------+---------+---------+-------+---------
         Total |       0 |     171 |   0.0 |       0 |      63 |   0.0 |  2238
               +---------+---------+-------+---------+---------+-------+---------
           D:1 |       0 |      49 |   0.0 |       0 |      31 |   0.0 |  1490
           D:2 |       0 |     122 |   0.0 |       0 |      32 |   0.0 |   748
               +---------+---------+-------+---------+---------+-------+---------
